 Dungeon Crawl Stone Soup version 0.31-a0-700-gf13585253f (webtiles) character file.

Game seed: 4414354872125662639

1576 javelincjr the Sneak (level 8, -13/52 HPs)
             Began as an Octopode Summoner on Sept 7, 2023.
             Killed by an exploding themself (65 damage)
             ... ignited by their inner flame
             ... on level 7 of the Dungeon.
             The game lasted 00:30:52 (5953 turns).

javelincjr the Sneak (Octopode Summoner)            Turns: 5953, Time: 00:30:53

Health: -13/52     AC:  1    Str:  7    XL:     8   Next: 91%
Magic:  3/15       EV: 14    Int: 20    God:
Gold:   251        SH:  0    Dex: 12    Spells: 8/17 levels left

rFire   . . .        b - +0 dagger (drain)
rCold   . . .        (no shield)
rNeg    . . .        (helmet restricted)
rPois   .            (no amulet)
rElec   .            e - +4 ring of slaying
rCorr   .            (no ring)
SInv    .            (no ring)
Will    .....        (no ring)
Stlth   ++++         (no ring)
HPRegen 0.28/turn    (no ring)
MPRegen 0.14/turn    (no ring)
                     (no ring)

%: no passive effects
@: no status effects
A: almost no armour, amphibious, 8 rings, camouflage 1, gelatinous body 1,
(nimble swimmer 1), tentacles
a: no special abilities


You were on level 7 of the Dungeon.
You visited 2 branches of the dungeon, and saw 8 of its levels.

You collected 251 gold pieces.

Inventory:

Hand Weapons
 a - a +0 orcbow
 b - a +0 dagger of draining (weapon)
 m - a +0 dagger
 x - a +0 sling
Missiles
 o - 4 poisoned darts
Jewellery
 e - a +4 ring of slaying (left tentacle)
Wands
 w - a wand of polymorph (10)
Scrolls
 f - 8 scrolls of identify {unknown}
 g - 3 scrolls of fear {unknown}
 h - a scroll of poison {unknown}
 k - 4 scrolls of teleportation {unknown}
 n - a scroll of immolation {unknown}
 p - a scroll of acquirement {unknown}
 q - 2 scrolls of enchant weapon {unknown}
 r - 3 scrolls of blinking {unknown}
 s - a scroll of fog {unknown}
 v - a scroll of enchant armour {unknown}
 y - a scroll of silence {unknown}
Potions
 c - a potion of magic
 d - 4 potions of might {unknown}
 i - a potion of enlightenment {unknown}
 j - 2 potions of heal wounds {unknown}
 l - a potion of lignification {unknown}
 t - a potion of brilliance {unknown}
 u - a potion of resistance {unknown}
 z - a potion of haste {unknown}


   Skills:
 + Level 3.3 Fighting
 + Level 2.8 Ranged Weapons
 + Level 4.7 Dodging
 + Level 6.8 Stealth
 * Level 5.1 Spellcasting
 * Level 6.6 Summonings


You had 8 spell levels left.
You knew the following spells:

 Your Spells              Type           Power      Damage    Failure   Level
a - Summon Small Mammal   Summ           100%       N/A       1%          1
b - Call Imp              Summ           62%        N/A       1%          2
c - Call Canine Familiar  Summ           31%        N/A       2%          3
d - Summon Guardian Gole  Hex/Summ       18%        N/A       9%          3

Your spell library contained the following spells:

 Spells                   Type           Power      Damage    Failure   Level
 Summon Lightning Spire   Summ/Air       18%        N/A       28%         4
 Dazzling Flash           Conj/Hex       10%        N/A       34%         3
 Tukima's Dance           Hex            5%         N/A       34%         3
 Volatile Blastmotes      Fire/Tloc      10%        2d10      34%         3
 Animate Dead             Necr           5%         N/A       75%         4
 Passage of Golubria      Tloc           5%         N/A       75%         4
 Yara's Violent Unravell  Hex/Tmut       2%         3d3       97%         5
 Starburst                Conj/Fire      2%         6d3       100%        6
 Haunt                    Necr/Summ      9%         N/A       100%        7
 Infestation              Necr           2%         N/A       100%        8
 Maxwell's Capacitive Co  Air            2%         ∞         100%        8


Dungeon Overview and Level Annotations

Branches:
Dungeon (7/15)             Temple (1/1) D:5

Altars:
Ashenzari
Cheibriados
Dithmenos
Elyvilon
Gozag
Hepliaklqana
Kikubaaqudgha
Makhleb
Nemelex Xobeh
Okawaru
Ru
Uskayaw
Vehumet
Wu Jian
Xom
Yredelemnul
Zin
The Shining One


Innate Abilities, Weirdness & Mutations

You cannot wear most types of armour.
You are amphibious.
You can wear up to eight rings at the same time.
Your skin changes colour to match your surroundings (Stealth+).
Your rubbery body absorbs attacks. (AC +1, EV +1)
((You are camouflaged when in or above water. (Stealth+)))
You have tentacles for arms and can constrict up to eight enemies at once.


Message History

The puff of flame hits your cerulean imp!
Something hits your hound.
Your hound closely misses something.
A magic dart appears from out of thin air!
The magic dart hits your cerulean imp.
Your hound bites something.
Something hits your hound.
Found a puce potion.
The orc closely misses something.
A magic dart appears from out of thin air!
The magic dart hits your cerulean imp!
Your cerulean imp dies!
Your cerulean imp disappears in a puff of smoke!
The orc hits something with a +0 dagger.
The orc completely misses something.
Reactivating autopickup.
You feel a bit more experienced.
The orc hits your guardian golem with a +0 dagger.
Your guardian golem overheats!
The orc hits your guardian golem but does no damage.
Something bites the orc.
The orc dies!
Your hound misses the orc wizard.
The orc wizard hits your hound with a +0 dagger.
Flame seeps out of your guardian golem.
Your guardian golem is engulfed in blazing flames.
Flame seeps out of your guardian golem.
Your hound bites the orc wizard.
The orc wizard gestures wildly while chanting.
The orc wizard flickers and vanishes!
Deactivating autopickup; reactivate with Ctrl-A.
Your guardian golem is engulfed in blazing flames.
Flame seeps out of your guardian golem.
Casting: Summon Guardian Golem (dangerous; 9% risk of failure)
Confirm with . or Enter, or press ? or * to list all spells.
Your hound bites something but does no damage.
A magic dart appears from out of thin air!
The magic dart hits your hound!
Your guardian golem disappears in a puff of smoke!
Your guardian golem explodes!
The fiery explosion engulfs you!!!
Ouch! That really hurt!
You die...

#..###.)# #
#..#...#### .#
#...#....#..#.
#..##........!
#.####h.##....
. ##.#
#..#..###
....###.##
#§...#
........##
#§§.##
#....###.##
#@.## #...
##.###..# ...
##<....# ..
#.#...... #
..#..####
#....## .###.
## ##


You could see a friendly hound (summoned, sheltered).

Vanquished Creatures
  An ice beast (D:6)
  An ogre (D:5)
  3 centaurs
  A phantom (D:4)
  2 scorpions
  A hound (D:6)
  A sleepcap (D:5)
  An iguana (D:5)
  4 gnolls
  2 adders
  2 ufetubi
  2 orcs (D:4)
  5 endoplasms
  3 goblins
  6 hobgoblins
  6 kobolds
  3 quokkas
  7 ball pythons
  5 bats
  A frilled lizard (D:1)
  3 rats (D:2)
60 creatures vanquished.

Vanquished Creatures (collateral kills)
  An ogre (D:5)
  3 scorpions
  3 hounds
  A jelly (D:4)
  An orc priest (D:6)
  An iguana (D:6)
  Natasha (thrice) (D:2)
  An orc wizard (D:7)
  Ijyb (D:4)
  9 gnolls
  5 adders
  A shadow imp (D:6)
  An ufetubus (D:6)
  A dart slug (D:2)
  12 orcs
  2 ball pythons
  A goblin (D:4)
  2 hobgoblins
  3 quokkas (D:2)
  A bat (D:2)
  2 kobolds (D:3)
  3 rats
58 creatures vanquished.

Grand Total: 118 creatures vanquished

Notes
Turn   | Place    | Note
-------+----------+-------------------------------------------
     0 | D:1      | javelincjr the Octopode Summoner began the quest for the
                  | Orb.
     0 | D:1      | Reached XP level 1. HP: 11/11 MP: 3/3
   148 | D:1      | Reached XP level 2. HP: 17/17 MP: 5/5
   153 | D:1      | Learned a level 2 spell: Call Imp
   578 | D:1      | Reached XP level 3. HP: 21/21 MP: 6/6
   753 | D:2      | Noticed Natasha
   770 | D:2      | Killed Natasha
   905 | D:2      | Noticed Natasha
   915 | D:2      | Learned a level 3 spell: Call Canine Familiar
  1070 | D:2      | Reached XP level 4. HP: 27/27 MP: 3/7
  1221 | D:2      | Killed Natasha
  1529 | D:2      | Noticed Natasha
  1538 | D:2      | Killed Natasha
  1539 | D:2      | Reached XP level 5. HP: 15/31 MP: 2/9
  2270 | D:3      | Found a snail-covered altar of Cheibriados.
  2489 | D:4      | Reached skill level 5 in Stealth
  2489 | D:4      | Reached skill level 5 in Summonings
  2489 | D:4      | Reached XP level 6. HP: 32/37 MP: 3/10
  2492 | D:4      | Reached skill level 1 in Fighting
  2929 | D:4      | Reached XP level 7. HP: 10/44 MP: 8/12
  3416 | D:4      | Noticed Ijyb
  3436 | D:4      | Killed Ijyb
  3437 | D:4      | Reached skill level 1 in Ranged Weapons
  3578 | D:5      | Entered Level 5 of the Dungeon
  3660 | D:5      | Found a staircase to the Ecumenical Temple.
  3667 | Temple   | Entered the Ecumenical Temple
  3754 | Temple   | Learned a level 3 spell: Summon Guardian Golem
  3858 | D:5      | Found a sacrificial altar of Ru.
  3967 | D:5      | Reached XP level 8. HP: 51/51 MP: 3/14
  4147 | D:5      | Found a burning altar of Makhleb.
  4336 | D:5      | Found a sparkling altar of Nemelex Xobeh.
  4662 | D:5      | Found an ornate altar of the Wu Jian Council.
  5511 | D:6      | Reached skill level 5 in Spellcasting
  5856 | D:6      | Found a glowing golden altar of the Shining One.
  5953 | D:7      | Killed by an exploding themself... ignited by their inner
                  | flame

Illustrated notes

Levels and vault maps discovered:
D:1:      nicolae_arrival_washed_ashore, layout_basic
D:2:      layout_loops_ring, due_unseen_surprise, uniq_natasha
D:3:      layout_loops_ring, mainiacjoe_overflow_catwalk
D:4:      layout_basic, hangedman_decor_growths, uniq_ijyb
D:5:      layout_basic, overflow_temple_1_default,
          nicolae_overflow_hidden_temple, minmay_temple_entry_wispy
D:6:      layout_basic, lemuel_tele_altar
D:7:      layout_layer_cave, serial_shops, shop, minmay_tree_intersection,
          minmay_guarded_unrand_finisher, uniq_duvessa
Temple:   nicolae_temple_no_exploring_needed

Skill      XL: |  1  2  3  4  5  6  7  8 |
---------------+-------------------------+-----
Stealth        | 3 4 5 6 |  6.8
Dodging        | 3 4 |  4.7
Spellcasting   | 3 4 5 |  5.1
Summonings     | 5 6 |  6.6
Fighting       | 1 2 3 |  3.3
Ranged Weapons | 1 2 |  2.8

Action                     |  1- 3 |  4- 6 |  7- 9 || total
---------------------------+-------+-------+-------++-------
  Melee: Unarmed           |     3 |       |       ||     3
         Tentacles         |     3 |     3 |     5 ||    11
         Constrict         |     3 |     1 |     1 ||     5
         Dagger            |     2 |     7 |    17 ||    26
         Punch             |       |       |     1 ||     1
   Fire: Sling             |    35 |    59 |     7 ||   101
         Orcbow            |       |       |    27 ||    27
   Cast: Summon Small Mamm |    16 |     6 |     4 ||    26
         Call Imp          |    12 |    16 |    32 ||    60
         Call Canine Famil |       |     9 |    36 ||    45
         Summon Guardian G |       |       |     4 ||     4
 Armour: Skin              |     9 |    23 |    27 ||    59
  Dodge: Dodged            |    17 |    23 |    31 ||    71

Table legend: (Time is in decaauts)
 A = Elapsed time spent in this place.
 B = Non-inter-level travel time spent in this place.
 C = Inter-level travel time spent in this place.
 D = Time resting spent in this place.
 E = Time spent auto-exploring this place.
 F = Levels seen in this place.
 G = Mean time per level.
                   A        B        C        D        E       F      G
               +--------+--------+--------+--------+--------+-----+--------+
         Total |   6003 |   5862 |    141 |    389 |   4188 |   8 |  750.4 |
       Dungeon |   5915 |   5774 |    141 |    389 |   4188 |   7 |  845.0 |
        Temple |     87 |     87 |      0 |      0 |      0 |   1 |   87.0 |
               +--------+--------+--------+--------+--------+-----+--------+

Top non-repeatable levels by time:
     D:6: 1223 daAuts
     D:4: 1108 daAuts
     D:5: 1008 daAuts
     D:2: 992 daAuts
     D:3: 822 daAuts
     D:1: 694 daAuts
  Temple: 87 daAuts
     D:7: 65 daAuts
